 Dungeon Crawl Stone Soup version 0.29.1-15-g9cfb28693d (webtiles) character file.

Game seed: 10972112281045991446

9 Dadi the Grave Robber (level 2, 0/24 HPs)
             Began as a Troll Necromancer on Apr 29, 2023.
             Succumbed to an adder's poison
             ... on level 2 of the Dungeon.
             The game lasted 00:01:06 (255 turns).

Dadi the Grave Robber (Troll Necromancer)            Turns: 255, Time: 00:01:06

Health: 0/24       AC:  4    Str: 15    XL:     2   Next: 6%
Magic:  3/3        EV: 10    Int: 11    God:
Gold:   38         SH:  0    Dex: 10    Spells: 2/3 levels left

rFire   . . .      SeeInvis .   (no weapon)
rCold   . . .      Faith    .   (no shield)
rNeg    . . .      Spirit   .   a - +0 robe
rPois   .          Reflect  .   (helmet restricted)
rElec   .          Harm     .   (no cloak)
rCorr   .          Rampage  .   (gloves unavailable)
Will    .....                   (boots unavailable)
Stlth   +.........              (no amulet)
HPRegen 0.88/turn               (no ring)
MPRegen 0.08/turn               (no ring)

@: lethally poisoned (0 -> -1)
A: large, unfitting armour, claws 3, regeneration 1, shaggy fur 1, tough skin 1
a: no special abilities


You were on level 2 of the Dungeon.
You visited 1 branch of the dungeon, and saw 2 of its levels.

You collected 38 gold pieces.

Inventory:

Armour
 a - a +0 robe (worn)
Potions
 b - a potion of magic


   Skills:
 + Level 1.8 Dodging
 + Level 1.1 Stealth
 + Level 1.3 Spellcasting
 + Level 3.3 Necromancy


You had 2 spell levels left.
You knew the following spells:

 Your Spells              Type           Power      Damage    Failure   Level
a - Necrotise             Necr           32%        1d5       8%          1

Your spell library contained the following spells:

 Spells                   Type           Power      Damage    Failure   Level
 Vampiric Draining        Necr           8%         2d6       24%         3
 Animate Dead             Necr           8%         N/A       61%         4
 Agony                    Necr           8%         N/A       91%         5


Dungeon Overview and Level Annotations

Branches:
Dungeon (2/15)

Altars:

Shops:
D:2 *


Innate Abilities, Weirdness & Mutations

You are too large for most types of armour.
You have claws for hands.
Your natural rate of healing is unusually fast.
You are covered in fur. (AC +1)
You have tough skin. (AC +1)


Message History

The adder closely misses you. The ball python misses you.
The dart slug closely misses you. The endoplasm hits you.
You feel sick. The adder bites you. The ball python bites you.
The endoplasm freezes you.
You are frozen.
You feel sick. The adder bites you.
You are more poisoned.
The adder poisons you! The ball python barely misses you.
The dart slug barely misses you. The endoplasm misses you.
You feel sick. The adder closely misses you.
The ball python bites you but does no damage.
The dart slug bites you but does no damage.
The adder bites you.
* * * LOW HITPOINT WARNING * * *
The endoplasm freezes you.
You are frozen.
* * * LOW HITPOINT WARNING * * *
You feel sick. The ball python barely misses you.
The adder bites you but does no damage. The ball python barely misses you.
The endoplasm hits you but does no damage.
The dart slug launches a dart at you. The slug dart hits you.
* * * LOW HITPOINT WARNING * * *
You feel sick. The adder closely misses you. The ball python barely misses you.
The endoplasm completely misses you.
You feel sick. The adder bites you.
* * * LOW HITPOINT WARNING * * *
The ball python bites you but does no damage.
The dart slug bites you but does no damage.
The endoplasm hits you but does no damage.
The adder closely misses you.
You feel sick.
You are no longer poisoned.
The ball python completely misses you. The adder bites you.
* * * LOW HITPOINT WARNING * * *
You are lethally poisoned!
The adder poisons you!
The dart slug bites you but does no damage.
The endoplasm hits you but does no damage.
You die...

............
#........#..
#...........
#...........
#..........#
#........#
#..J.....#
#..S@....#
#...wS.......
.............8.8
..............⌠.
........<....8.∩
..............⌠.
..##..#######8.8
.. ... ###


You could see an adder, a dart slug, an endoplasm and a ball python.

Vanquished Creatures
  A ball python (D:1)
  2 endoplasms (D:1)
  A hobgoblin (D:1)
  2 jackals (D:1)
  A frilled lizard (D:1)
  A spectral kobold (D:1)
8 creatures vanquished.

Notes
Turn   | Place    | Note
-------+----------+-------------------------------------------
     0 | D:1      | Dadi the Troll Necromancer began the quest for the Orb.
     0 | D:1      | Reached XP level 1. HP: 16/16 MP: 1/1
     6 | D:1      | Noticed a komodo dragon
     6 | D:1      | Noticed a water moccasin
     6 | D:1      | Noticed a wolf
     7 | D:1      | Noticed a swamp worm
   125 | D:1      | Found a faded altar of an unknown god.
   195 | D:1      | Reached XP level 2. HP: 24/24 MP: 3/3
   241 | D:2      | Found Oti Qyz's Assorted Antiques.
   254 | D:2      | HP: 1/24 [adder (1)]
   255 | D:2      | Succumbed to an adder's poison

Illustrated notes

Levels and vault maps discovered:
D:1:      onia_arrival_zoo_common, layout_basic,
          dreamdust_ecumenical_altar_drowned_temple, minmay_strange_pillars,
          minmay_misc_feat_pillars
D:2:      layout_rooms, serial_shops,
          nicolae_shop_temple_entry_statues_fountains, uniq_terence

Action                   || total
-------------------------++-------
Melee: Unarmed           ||    28
 Stab: Sleeping          ||     1
Armor: Robe              ||    33
Dodge: Dodged            ||    52
